 Dungeon Crawl Stone Soup version 0.31.0-32-g396128a36d (webtiles) character file.

Game seed: 5916487733473576642

1109 hawla the Arsonist (level 8, 0/36 (41) HPs)
             Began as a Deep Elf Fire Elementalist on Apr 12, 2024.
             Slain by a wight
             ... wielding a +3 dagger
              (5 damage)
             ... on level 6 of the Dungeon.
             The game lasted 00:12:09 (5455 turns).

hawla the Arsonist (Deep Elf Fire Elementalist)     Turns: 5455, Time: 00:12:10

HP:   0/36 (41)     AC:  5    Str:  5    XL:     8   Next: 11%
MP:   7/14          EV: 12    Int: 23    God:
Gold: 215           SH:  0    Dex: 15    Spells: 6/13 levels left

rFire   . . .        m - staff of death
rCold   . . .        (no shield)
rNeg    + . .        a - +1 robe
rPois   .            e - +0 helmet
rElec   .            (no cloak)
rCorr   .            j - +0 pair of gloves
SInv    .            (no boots)
Will    .....        (no amulet)
Stlth   ++           (no ring)
HPRegen 0.26/turn    (no ring)
MPRegen 0.14/turn

%: no passive effects
@: heavily drained
A: no striking features
a: no special abilities


You were on level 6 of the Dungeon.
You visited 1 branch of the dungeon, and saw 6 of its levels.

You collected 215 gold pieces.

Inventory:

Armour
 a - a +1 robe (worn)
 e - a +0 helmet (worn)
 j - a +0 pair of gloves (worn)
Magical Staves
 i - a staff of fire
 m - a staff of death (weapon)
Scrolls
 c - a scroll of teleportation
 f - a scroll of fear
 g - a scroll of silence
Potions
 b - a potion of magic
 d - 2 potions of attraction {unknown}
 h - 4 potions of curing {unknown}
 k - 2 potions of mutation {unknown}
 l - 3 potions of heal wounds {unknown}


   Skills:
 + Level 4.9 Staves
 - Level 2.4 Dodging
 - Level 2.4 Stealth
 - Level 3.0 Spellcasting
 - Level 2.3 Conjurations
 - Level 9.1 Fire Magic
 + Level 1.1 Evocations


You had 6 spell levels left.
You knew the following spells:

 Your Spells              Type           Power      Damage    Failure   Level
a - Foxfire               Conj/Fire      100%       2x1d9     1%          1
b - Scorch                Fire           90%        2d8       1%          2
c - Flame Wave            Conj/Fire      29%        2d9       11%         4

Your spell library contained the following spells:

 Spells                   Type           Power      Damage    Failure   Level
 Inner Flame              Hex/Fire       24%        N/A       5%          3
 Volatile Blastmotes      Fire/Tloc      48%        2d14      5%          3
 Call Imp                 Summ           6%         N/A       17%         2
 Sublimation of Blood     Necr           5%         N/A       17%         2
 Dazzling Flash           Conj/Hex       16%        N/A       22%         3
 Starburst                Conj/Fire      14%        6d6       86%         6
 Summon Hydra             Summ           1%         N/A       100%        7
 Maxwell's Capacitive Co  Air            1%         ∞         100%        8


Dungeon Overview and Level Annotations

Branches:
Dungeon (6/15)
 Temple: D:4-7

Altars:

Shops:
D:1 =

Annotations:
D:4 2 runed translucent doors, flammie80's ghost, weakling FoMo


Message History

The wight is severely damaged.
The flame wave engulfs the wight.
The wight is heavily damaged.
The flame wave engulfs the ice beast.
The ice beast melts!
The ice beast is lightly wounded.
The flame wave engulfs the iguana!
The iguana is severely wounded.
The flame wave engulfs the kobold.
You kill the kobold!
You hear a shout!
The wight hits you with a +2 great sword of draining!
You partially resist.
You feel drained.
* * * LOW HITPOINT WARNING * * *
You partially resist.
You feel drained.
* * * LOW HITPOINT WARNING * * *
The kobold throws a stone.
The stone misses you.
The stone hits the wight but does no damage.
The wight hits you with a +0 hand axe.
* * * LOW HITPOINT WARNING * * *
The wight hits you but does no damage.
A wave of flame ripples out!
The flame wave engulfs the wight.
The wight is heavily damaged.
The flame wave engulfs the wight.
The wight is almost destroyed.
The flame wave engulfs the wight!
You destroy the wight!
The flame wave engulfs the iguana!
You kill the iguana!
The flame wave engulfs the ice beast!
The ice beast melts!
The ice beast is heavily wounded.
The flame wave engulfs the kobold.
You kill the kobold!
The flame wave engulfs the kobold.
You kill the kobold!
The flame wave engulfs the kobold.
You kill the kobold!
You finish channelling waves of flame.
You hear a shout! x4
The wight hits you with a +3 dagger.
You die...

.. ......# .
......# #.
=$....# #..
##......#
#.##.......#
###...........
#....z........
#..)@..)....
#.Yz...)...#
.........).K...
....###...)K...
... #..#KK...
.. #..#..... .
##.. ...# .#
#..#


You could see an ice beast, a kobold brigand, 2 wights and 3 kobolds.

Vanquished Creatures
  A water moccasin (D:5)
  A centaur (D:5)
  A bullfrog (D:4)
  3 scorpions
  A wight (D:6)
  A howler monkey (D:5)
  3 bombardier beetles
  3 orc priests (D:4)
  A hound (D:5)
  4 iguanas
  3 orc wizards (D:5)
  Terence (D:2)
  A sleepcap (D:4)
  Robin (D:3)
  6 gnolls (D:5)
  3 adders
  3 ribbon worms
  15 orcs
  9 bats
  10 endoplasms
  2 giant cockroaches
  14 goblins
  9 hobgoblins
  12 kobolds
  3 quokkas
  8 ball pythons
  3 frilled lizards
  4 rats
126 creatures vanquished.

Vanquished Creatures (others)
  291 foxfires
291 creatures vanquished.

Grand Total: 417 creatures vanquished

Notes
Turn   | Place    | Note
-------+----------+-------------------------------------------
     0 | D:1      | hawla the Deep Elf Fire Elementalist began the quest for
                  | the Orb.
     0 | D:1      | Reached XP level 1. HP: 10/10 MP: 6/6
   200 | D:1      | Reached XP level 2. HP: 15/15 MP: 4/8
   253 | D:1      | Reached skill level 4 in Fire Magic
   303 | D:1      | Found Eciwk's One-of-a-Kind Rings.
   855 | D:2      | Reached XP level 3. HP: 19/19 MP: 4/9
   894 | D:2      | Noticed Terence
   903 | D:2      | Killed Terence
   904 | D:2      | Reached skill level 5 in Fire Magic
   909 | D:2      | Learned a level 2 spell: Scorch
  1590 | D:3      | Reached XP level 4. HP: 24/24 MP: 5/10
  1756 | D:3      | Reached skill level 6 in Fire Magic
  1866 | D:3      | Reached XP level 5. HP: 28/28 MP: 4/11
  1950 | D:3      | Noticed Robin
  1959 | D:3      | Killed Robin
  2989 | D:4      | Reached XP level 6. HP: 32/32 MP: 6/12
  3537 | D:4      | Found a large runed translucent door.
  3537 | D:4      | Found a large runed translucent door.
  3540 | D:4      | Noticed flammie80's ghost (weakling FoMo)
  3551 | D:4      | Reached skill level 1 in Evocations
  3551 | D:4      | Reached XP level 7. HP: 36/36 MP: 2/13
  3556 | D:4      | Learned a level 4 spell: Flame Wave
  3998 | D:5      | Entered Level 5 of the Dungeon
  4126 | D:5      | Reached skill level 7 in Fire Magic
  4629 | D:5      | Reached skill level 8 in Fire Magic
  4976 | D:5      | Reached XP level 8. HP: 34/41 MP: 8/14
  5031 | D:5      | Reached skill level 9 in Fire Magic
  5455 | D:6      | Slain by a wight

Illustrated notes

Levels and vault maps discovered:
D:1:      orjb1_lava_funnel, layout_loops_cross, nicolae_shop_unique_rings
D:2:      layout_basic, uniq_terence
D:3:      layout_basic, minmay_misc_feat_rows, kennysheep_path_1,
          kennysheep_generic_room_9, uniq_robin
D:4:      layout_gridville, ebering_ghost_disaster_area,
          hangedman_decor_riveting, minmay_misc_feat_room, minivault_4,
          kennysheep_nondescript
D:5:      layout_loops_corners, grunt_decor_junction
D:6:      layout_cave_pools, gammafunk_ghost_grave, serial_gnoll_camp,
          gnoll_camp_mini_sergeant, gnoll_camp_mini_shop, gnoll_camp_mini_shop,
          gnoll_camp_huts_basic

Skill      XL: |  1  2  3  4  5  6  7  8 |
---------------+-------------------------+-----
Fire Magic     | 4 5 6 8 9 |  9.1
Staves         | 2 4 |  4.9
Evocations     | 1 |  1.1
Conjurations   | 2 |  2.3
Dodging        | |  2.4
Stealth        | |  2.4
Spellcasting   | |  3.0

Action                     |  1- 3 |  4- 6 |  7- 9 || total
---------------------------+-------+-------+-------++-------
  Melee: Unarmed           |     8 |       |       ||     8
         Staff             |       |    14 |       ||    14
   Cast: Foxfire           |    65 |    81 |    36 ||   182
         Scorch            |       |    12 |    25 ||    37
         Flame Wave        |       |       |     2 ||     2
    Use: Scroll            |     3 |     1 |     2 ||     6
   Stab: Sleeping          |       |     1 |       ||     1
 Armour: Robe              |    15 |    11 |    15 ||    41
  Dodge: Dodged            |    18 |    20 |     9 ||    47
